 Dungeon Crawl Stone Soup version 0.17-a0-1504-gb7d9117 (webtiles) character file.

105 urechis the Insei (level 4, -3/24 HPs)
             Began as a Vine Stalker Monk on July 7, 2015.
             Slain by Grinder (6 damage)
             ... on level 3 of the Dungeon.
             The game lasted 00:02:42 (1741 turns).

urechis the Insei (Vine Stalker Monk)               Turns: 1741, Time: 00:02:42

Health: -3/24      AC:  2    Str: 14    XL:     4   Next: 83%
Magic:  0/5        EV: 13    Int: 10    God:
Gold:   117        SH:  0    Dex: 17    Spells: 0 memorised, 3 levels left

rFire  . . .     SeeInvis .       - Unarmed
rCold  . . .     Clarity  .     i - +0 robe
rNeg   . . .     SustAt   .     (no shield)
rPois  .         Gourm    .     (no helmet)
rElec  .         Spirit   +     (no cloak)
rCorr  .         Warding  .     (no gloves)
rMut   .         Stasis   .     (no boots)
MR     .....                    (no amulet)
Stlth  ++........               (no ring)
                                (no ring)

@: not resistant to hostile enchantments, unstealthy
A: fangs 2, regeneration 1, magic shield, antimagic bite, no device heal 3, rot
immunity
a: no special abilities


You were on level 3 of the Dungeon.
You were hungry.

You visited 1 branch of the dungeon, and saw 3 of its levels.

You collected 117 gold pieces.

Inventory:

Hand weapons
 a - a +0 blowgun
Missiles
 j - 6 poisoned needles
Armour
 i - a +0 robe (worn)
 k - a +2 buckler
Scrolls
 e - 2 scrolls of remove curse {unknown}
 g - a scroll of enchant weapon {unknown}
Potions
 c - a potion of haste {unknown}
 f - 3 potions of degeneration {unknown}
 h - a potion of agility {unknown}
Comestibles
 b - 2 bread rations
 d - a meat ration


   Skills:
 + Level 3.4 Fighting
 - Level 2.4 Dodging
 - Level 2.4 Stealth
 * Level 5.5 Unarmed Combat


You had 3 spell levels left.
You didn't know any spells.

Dungeon Overview and Level Annotations

Branches:
Dungeon (3/15)

Altars:

Annotations:
D:3 Grinder


Innate Abilities, Weirdness & Mutations

You have extremely sharp teeth.
Your natural rate of healing is unusually fast.
When hurt, damage is shared between your health and your magic reserves.
Your bite disrupts and absorbs the magic of your enemies.
Potions and wands cannot restore your health.
You are immune to rotting.


Message History

You resist with significant effort.
You barely miss Grinder.
Grinder is moderately wounded.
Grinder hits you but does no damage.
You hit Grinder. Your bite misses Grinder.
Grinder is heavily wounded.
Grinder gestures at you. Pain shoots through your body!
* * * LOW HITPOINT WARNING * * *
You closely miss Grinder.
Grinder is heavily wounded.
Grinder closely misses you.
You closely miss Grinder. You bite Grinder.
Grinder's magic leaks into the air.
You drain his magic.
You feel invigorated.
Grinder is heavily wounded.
Grinder barely misses you.
You punch Grinder!
Grinder is severely wounded.
Grinder hits you!
You die...

..##.###.###.#
...#.........#
....####...###
....'.......#
....####...###
.(.#.........#
..##.###.###.#####
.###.# #.........#
## #.# #.###.###@#
# #.# #.....# #5#
# #.# #.###.# #.#
## #.# #.###.###.#
.###.###.........#
..##.........#####
.###########.# ##
#######.#
######.......#


You could see Grinder.

Vanquished Creatures
  Jessica (D:3)
  Terence (D:3)
  An adder (D:3)
  An ooze (D:1)
  A worm (D:3)
  2 giant geckos
  4 orcs (D:3)
  5 bats
  2 giant cockroaches
  A goblin (D:3)
  A hobgoblin (D:1)
  A quokka (D:2)
  2 ball pythons
  A giant newt (D:3)
  8 kobolds
  2 rats
34 creatures vanquished.

Notes
Turn   | Place    | Note
--------------------------------------------------------------
     0 | D:1      | urechis the Vine Stalker Monk began the quest for the Orb.
     0 | D:1      | Reached XP level 1. HP: 11/11 MP: 2/2
    71 | D:1      | Reached XP level 2. HP: 5/16 MP: 0/3
  1221 | D:3      | Reached XP level 3. HP: 19/19 MP: 2/4
  1334 | D:3      | Noticed Terence
  1350 | D:3      | Killed Terence
  1350 | D:3      | Reached skill level 5 in Unarmed Combat
  1353 | D:3      | Reached XP level 4. HP: 21/24 MP: 5/5
  1522 | D:3      | Noticed Jessica
  1528 | D:3      | Killed Jessica
  1729 | D:3      | Noticed Grinder
  1741 | D:3      | Slain by Grinder

Vault maps used:
D:1:      roderic_dead_forest, serial_bayou_pond_e
D:3:      uniq_terence, uniq_jessica, uniq_grinder

Action                   |  1- 3 |  4- 6 || total
-------------------------+-------+-------++-------
Melee: Unarmed           |    67 |    43 ||   110
 Stab: Sleeping          |     2 |     2 ||     4
  Eat: Chunk             |     1 |     1 ||     2
